 Dungeon Crawl Stone Soup version 0.19.1-1-g22dce08 (webtiles) character file.

1708 Dolanko the Carver (level 8, -10/71 HPs)
             Began as a Black Draconian Gladiator on Dec 30, 2016.
             Mangled by an orc warrior
             ... wielding a +0 hand axe
              (14 damage)
             ... on level 5 of the Dungeon.
             The game lasted 00:14:01 (7877 turns).

Dolanko the Carver (Black Draconian Gladiator)      Turns: 7877, Time: 00:14:01

Health: -10/71     AC:  8    Str: 22    XL:     8   Next: 73%
Magic:  8/8        EV: 14    Int: 12    God:
Gold:   164        SH:  0    Dex: 13    Spells: 0 memorised, 7 levels left

rFire  . . .     SeeInvis .     a - +0 long sword
rCold  . . .     Gourm    .     (armour unavailable)
rNeg   . . .     Faith    .     (no shield)
rPois  .         Spirit   .     b - +0 hat
rElec  +         Reflect  .     (no cloak)
rCorr  .         Harm     .     u - +0 pair of gloves
MR     .....                    t - +0 pair of boots
Stlth  ++........               w - amulet of rage
                                s - +2 ring of intelligence (curse)
                                h - ring of stealth

@: mighty, short of breath, drained
A: breathe lightning, unfitting armour, electricity resistance, cold-blooded, AC
+6
a: Breathe Lightning, Evoke Berserk Rage


You were on level 5 of the Dungeon.
You were not hungry.

You visited 1 branch of the dungeon, and saw 6 of its levels.

You collected 214 gold pieces.
You spent 50 gold pieces at shops.

Inventory:

Hand Weapons
 a - a +0 long sword (weapon)
Missiles
 c - 3 throwing nets (quivered)
Armour
 b - a +0 hat (worn)
 e - a +0 shield
 t - a +0 pair of boots (worn)
 u - a +0 pair of gloves (worn)
Jewellery
 h - a ring of stealth (left hand)
 s - a cursed +2 ring of intelligence (right hand)
 w - an amulet of rage (around neck)
Scrolls
 g - 4 scrolls of teleportation
 k - 4 scrolls of amnesia
 l - 4 scrolls of remove curse
 p - 4 scrolls of identify
 q - 3 scrolls of magic mapping
Potions
 i - a potion of invisibility
 x - a potion of curing
Books
 r - a book of Misfortune

   Spells                             Type                      Level
   a - Confusing Touch                Hexes                        1
   b - Confuse                        Hexes                        3
   c - Gell's Gravitas                Hexes/Translocation          3
   d - Petrify                        Transmutation/Earth          4
   e - Metabolic Englaciation         Hexes/Ice                    5
   f - Yara's Violent Unravelling     Hexes/Transmutation          5
Comestibles
 d - 2 bread rations
 f - a meat ration
 n - a fruit


   Skills:
 + Level 6.4(5.6) Fighting
 * Level 8.5(7.7) Long Blades
 - Level 1.7(1.0) Throwing
 + Level 5.8(5.0) Dodging


You had 7 spell levels left.
You didn't know any spells.

Dungeon Overview and Level Annotations

Branches:
Dungeon (6/15)
 Temple: D:4-7

Altars:
Ashenzari
Cheibriados
Okawaru
Trog

Shops:
D:4 *


Innate Abilities, Weirdness & Mutations

You can breathe wild blasts of lightning.
Your glossy black scales are hard. (AC +6)
You cannot fit into any form of body armour.
You are resistant to electric shocks. (rElec)
You are cold-blooded and may be slowed by cold attacks.


Message History

You hit the orc warrior but do no damage.
Your tail-slap misses the orc warrior.
The orc warrior is heavily wounded.
You slash the orc warrior!
Your tail-slap misses the orc warrior.
The orc warrior is almost dead.
The orc warrior hits you with a hand axe!!
* * * LOW HITPOINT WARNING * * *
You closely miss the orc warrior.
The orc warrior is almost dead.
The orc warrior barely misses you.
You hit the orc warrior.
The orc warrior is almost dead.
The orc warrior completely misses you.
You closely miss the orc warrior.
The orc warrior is almost dead.
The orc warrior barely misses you.
You closely miss the orc warrior.
Your tail-slap misses the orc warrior.
The orc warrior is almost dead.
The orc warrior hits you with a hand axe!
You die...

..#.#.#.####...........##########
....#.#................'.........
....#.#.#####..........########.#
....#.#.# #..............# #.#
...##.#.# #..........###.# #.#
...##.#.### #..........# #.# #.#
...##.#...# #######.#.## #.# #.#
...##.###.#########.#.# #.# #.#
...[.....>.....o@...#.# #.# #.#
...##.#.#############.# #.# #.#
...##.#'#.............# #.# #.#
...##.....##..############.####.#
...##.....##..#....#............#
#####.....##..##.#.#.#####.######
# #.....#................# #
#.....#..........####### #
#.....#..........#


You could see an orc warrior.

Vanquished Creatures
  Edmund (D:6)
  A water moccasin (D:6)
  Duvessa (D:5)
  An ice beast (D:6)
  An orc warrior (D:5)
  The ghost of Dolanko the Slasher, an amateur DrGl (D:3)
  An ogre (D:5)
  A centaur (D:5)
  2 scorpions (D:5)
  Dowan (D:5)
  A howler monkey (D:4)
  2 crimson imps (D:5)
  A centaur zombie (D:6)
  2 hounds
  2 orc priests (D:4)
  2 centaur skeletons
  2 orc wizards (D:4)
  A bullfrog skeleton (D:5)
  Natasha (thrice) (D:2)
  5 worker ants
  An iguana (D:6)
  Robin (D:3)
  A gnoll (D:2)
  6 adders
  A shadow imp (D:5)
  5 worms
  A dart slug (D:6)
  4 leopard geckos
  11 orcs
  8 bats
  3 giant cockroaches
  3 hobgoblins
  8 jackals
  2 quokkas
  4 frilled lizards
  11 goblins
  10 kobolds
  A leopard gecko skeleton (D:4)
  6 rats
119 creatures vanquished.

Notes
Turn   | Place    | Note
-------+----------+-------------------------------------------
     0 | D:1      | Dolanko the Draconian Gladiator began the quest for the Orb.
     0 | D:1      | Reached XP level 1. HP: 17/17 MP: 1/1
   495 | D:1      | Reached XP level 2. HP: 12/24 MP: 2/2
  1238 | D:2      | Noticed Natasha
  1243 | D:2      | Noticed a crimson imp
  1246 | D:2      | Killed Natasha
  1246 | D:2      | Reached XP level 3. HP: 16/30 MP: 3/3
  1275 | D:2      | Found an iron altar of Okawaru.
  1357 | D:2      | Noticed Natasha
  1360 | D:2      | Killed Natasha
  1360 | D:2      | Reached skill level 4 in Long Blades
  1360 | D:2      | Reached XP level 4. HP: 27/37 MP: 4/4
  1428 | D:2      | Noticed Natasha
  1443 | D:2      | Killed Natasha
  1972 | D:2      | Found an iron altar of Okawaru.
  2254 | D:3      | Noticed Dolanko's ghost (amateur DrGl)
  2355 | D:3      | Reached XP level 5. HP: 35/45 MP: 5/5
  2804 | D:3      | Noticed Robin
  3050 | D:3      | Killed Robin
  3079 | D:3      | Killed Dolanko's ghost
  3079 | D:3      | Reached skill level 5 in Long Blades
  3079 | D:3      | Reached XP level 6. HP: 44/52 MP: 6/6
  3286 | D:4      | Found a shattered altar of Ashenzari.
  3671 | D:4      | Found a bloodstained altar of Trog.
  3813 | D:4      | Found Poyhehos's Assorted Antiques.
  3816 | D:4      | Bought a scroll labeled PEOQYRCH IDUXTOETT for 25 gold pieces
  3816 | D:4      | Bought a scroll labeled PEOQYRCH IDUXTOETT for 25 gold pieces
  3977 | D:5      | Entered Level 5 of the Dungeon
  4017 | D:5      | Reached skill level 6 in Long Blades
  4060 | D:5      | Noticed Dowan
  4086 | D:5      | Killed Dowan
  4086 | D:5      | Your scales start taking on a glossy black colour.
  4086 | D:5      | Reached XP level 7. HP: 54/60 MP: 7/7
  4086 | D:5      | Gained mutation: You are resistant to electric shocks. (rElec) [Black Draconian growth]
  4126 | D:5      | Noticed Duvessa
  4172 | D:5      | Killed Duvessa
  4543 | D:5      | Reached skill level 5 in Fighting
  4749 | D:5      | Reached skill level 7 in Long Blades
  5149 | D:5      | Reached skill level 5 in Dodging
  5288 | D:5      | Reached XP level 8. HP: 69/69 MP: 8/8
  5576 | D:6      | Noticed Edmund
  5752 | D:6      | Killed Edmund
  5922 | D:6      | Found a snail-covered altar of Cheibriados.
  6550 | D:6      | Reached skill level 8 in Long Blades
  7873 | D:5      | HP: 3/71 [orc warrior/hand axe (20)]
  7877 | D:5      | Mangled by an orc warrior

Skill      XL: |  1  2  3  4  5  6  7  8 |
---------------+-------------------------+-----
Dodging        | 3 4 5 |  5.8
Long Blades    | 4 5 6 7 8 |  8.5
Fighting       | 3 4 5 6 |  6.4
Throwing       | |  1.7

Action                   |  1- 3 |  4- 6 |  7- 9 || total
-------------------------+-------+-------+-------++-------
Melee: Long sword        |    59 |   199 |   224 ||   482
       Tailslap          |    11 |    27 |    41 ||    79
 Abil: Breathe Lightning |       |       |    14 ||    14
  Use: Potion            |       |     5 |     4 ||     9
       Scroll            |       |     4 |     4 ||     8
 Stab: Invisible         |       |     2 |       ||     2
       Sleeping          |       |     4 |     4 ||     8
       Distracted        |       |       |     2 ||     2
  Eat: Chunk             |     1 |     9 |     8 ||    18
       Fruit             |       |     1 |     2 ||     3
       Meat ration       |       |       |     1 ||     1
Armor: Skin              |    19 |    56 |    62 ||   137
Dodge: Dodged            |    48 |   154 |   161 ||   363
       Rpst.: Long sword |    21 |    42 |    59 ||   122
